 Dungeon Crawl Stone Soup version 0.29.1-15-g9cfb28693d (webtiles) character file.

Game seed: 8140060042891415528

89 Sharkman1231 the Conjurer (level 4, -1/36 HPs)
             Began as a Naga Hedge Wizard on Apr 16, 2023.
             Was an Initiate of Ashenzari.
             Slain by a black bear (6 damage)
             ... on level 3 of the Dungeon.
             The game lasted 00:03:01 (2672 turns).

Sharkman1231 the Conjurer (Naga Hedge Wizard)       Turns: 2672, Time: 00:03:02

Health: -1/36      AC:  3    Str: 12    XL:     4   Next: 55%
Magic:  6/8        EV:  8    Int: 15    God:    Ashenzari [......]
Gold:   127        SH:  3    Dex: 12    Spells: 8/9 levels left

rFire   + . .      SeeInvis +   a - +3 whip (venom)
rCold   . . .      Faith    .   u - +0 buckler "Seer of the Soothsayer" {Bglg, Elem} (curse)
rNeg    . . .      Spirit   .   o - +0 ring mail
rPois   +          Reflect  .   c - +0 hat
rElec   .          Harm     .   (no cloak)
rCorr   .          Rampage  .   (no gloves)
Will    .....                   (no barding)
Stlth   +.........              p - amulet of regeneration
HPRegen 0.92/turn               r - ring of protection from fire
MPRegen 0.11/turn               s - ring of flight

@: flying, very slightly contaminated, very slow
A: AC +1, large, see invisible, deformed body, poison resistance, slowness 2,
spit poison 1, naga tail 1
a: Spit Poison, Renounce Religion, Curse Item, Shatter the Chains


You were on level 3 of the Dungeon.
You worshipped Ashenzari.
Ashenzari was noncommittal.
You visited 1 branch of the dungeon, and saw 3 of its levels.

You collected 127 gold pieces.

Inventory:

Hand Weapons
 a - a +3 whip of venom (weapon)
 h - a +0 trident
 k - a +0 dagger
Armour
 b - a +0 robe
 c - a +0 hat (worn)
 o - a +0 ring mail (worn)
 q - an orb of light
 u - the cursed +0 buckler "Seer of the Soothsayer" (worn) {Bglg, Elem}
   (You found it on level 2 of the Dungeon)

   It has a curse which improves the following skills: Beguiling: Conjurations,
   Hexes and Translocations.
   Elements:  Fire Magic, Ice Magic, Air Magic and Earth Magic.
Jewellery
 p - an amulet of regeneration (around neck)
 r - a ring of protection from fire (left hand)
 s - a ring of flight (right hand)
Scrolls
 e - a scroll of fear {unknown}
 g - a scroll of identify {unknown}
 j - a scroll of enchant armour {unknown}
 l - a scroll of teleportation {unknown}
 t - a scroll of torment {unknown}
 v - a scroll of brand weapon {unknown}
 w - a scroll of enchant weapon {unknown}
 y - a scroll of poison {unknown}
 z - a scroll of immolation {unknown}
Potions
 d - a potion of magic
 f - 6 potions of curing {unknown}
 i - 3 potions of mutation {unknown}
 m - a potion of haste {unknown}
 n - 2 potions of flight {unknown}
 x - a potion of berserk rage {unknown}


   Skills:
 + Level 2.0 Maces & Flails
 - Level 1.5 Dodging
 - Level 3.0 Stealth
 - Level 3.0 Spellcasting
 + Level 3.4(3.9) Conjurations
 - Level 1.0 Summonings
 + Level 1.1(1.4) Translocations


You had 8 spell levels left.
You knew the following spells:

 Your Spells              Type           Power      Damage    Failure   Level
a - Magic Dart            Conj           52%        1d5       12%         1

Your spell library contained the following spells:

 Spells                   Type           Power      Damage    Failure   Level
 Apportation              Tloc           12%        N/A       32%         1
 Summon Small Mammal      Summ           20%        N/A       36%         1
 Blink                    Tloc           12%        N/A       43%         2
 Necrotise                Necr           8%         1d4       50%         1
 Slow                     Hex            8%         N/A       50%         1
 Call Imp                 Summ           5%         N/A       50%         2
 Conjure Flame            Conj/Fire      8%         6-21      61%         3
 Mephitic Cloud           Conj/Pois/Air  6%         N/A       71%         3


Dungeon Overview and Level Annotations

Branches:
Dungeon (3/15)

Altars:
Ashenzari
Trog

Shops:
D:2 (

Annotations:
D:3 2 transporters, Imhoden's ghost, amateur TeNe


Innate Abilities, Weirdness & Mutations

Your serpentine skin is tough. (AC +1)
You have supernaturally acute eyesight. (SInv)
Armour fits poorly on your strangely shaped body.
Your system is resistant to poisons. (rPois)
You cover ground very slowly.
You can spit poison.
You have a snake-like lower body.


Message History

Press: ? - help, Shift-Dir - straight line, f - black bear
Aim: a black bear (70% to hit)
The splash of poison hits the black bear!
The black bear is moderately wounded.
You block the black bear's attack. The black bear claws you.
The black bear closely misses you.
You aren't carrying any items that you can evoke.
Unknown command.
You hit the black bear but do no damage.
The black bear is moderately wounded.
The black bear bites you. The black bear closely misses you.
The black bear claws you.
You hit the black bear.
The black bear is poisoned.
The black bear is heavily wounded.
You have got your breath back.
The black bear bites you.
The black bear claws you but does no damage.
The black bear barely misses you.
You hit the black bear.
The black bear looks as sick as possible!
The black bear is severely wounded.
The black bear goes berserk!
The magic dart hits the black bear.
The black bear is almost dead.
The black bear bites you but does no damage.
The black bear claws you. x2
Unknown command.
Unknown command.
You are too injured to fight recklessly!
Casting: Magic Dart (safe; 12% risk of failure)
Confirm with . or Enter, or press ? or * to list all spells.
Aiming: Magic Dart (safe; 12% risk of failure)
Press: ? - help, Shift-Dir - straight line, f/p - black bear
Aim: a black bear (almost dead, berserk, extremely poisoned, 100% to hit)
You miscast Magic Dart.
You are very lightly contaminated with residual magic.
Nothing appears to happen.
The black bear bites you!
* * * LOW HITPOINT WARNING * * *
The black bear claws you.
You die...

#.# #...# #.# ###.#.# #.#
#...# #.# #.#.#
####.####.####.## #.#.#
##.......#...#.#.######.#.#
.........#.#..###.........#
...........#...#.######.###
...[.....#####..## #.#
<.....†....#.†..#######.
.........#.#....@h......
................########
#>##.######.#.### #.##.#
#.#.# #.##.# # #. ..##.# #.
####.. ...... #####


You could see a black bear (berserk, extremely poisoned).

Vanquished Creatures
  A gnoll (D:1)
  3 adders
  2 worms
  A dart slug (D:3)
  4 endoplasms
  A giant cockroach (D:2)
  7 hobgoblins
  2 jackals (D:1)
  7 kobolds
  2 quokkas (D:3)
  4 ball pythons
  3 bats
  6 frilled lizards
  3 rats
46 creatures vanquished.

Notes
Turn   | Place    | Note
-------+----------+-------------------------------------------
     0 | D:1      | Sharkman1231 the Naga Hedge Wizard began the quest for the
                  | Orb.
     0 | D:1      | Reached XP level 1. HP: 15/15 MP: 4/4
   234 | D:1      | Found a faded altar of an unknown god.
   264 | D:1      | Prayed at the altar of an unknown god.
   264 | D:1      | Became a worshipper of Ashenzari the Shackled
   540 | D:1      | Reached XP level 2. HP: 22/22 MP: 0/6
  1020 | D:1      | Reached XP level 3. HP: 28/28 MP: 7/7
  1565 | D:2      | Reached skill level 1 in Maces & Flails
  1780 | D:2      | Found a bloodstained altar of Trog.
  1834 | D:2      | Found Doxett's Weapon Boutique.
  1925 | D:2      | Reached XP level 4. HP: 19/36 MP: 8/8
  2526 | D:3      | Found a transporter.
  2528 | D:3      | Noticed Imhoden's ghost (amateur TeNe)
  2530 | D:3      | Found a transporter.
  2663 | D:3      | Noticed a black bear
  2672 | D:3      | Slain by a black bear

Illustrated notes

Levels and vault maps discovered:
D:1:      dpeg_arrival_circle_labyrinth_c, layout_loops_ring,
          chequers_ecumenical_altar_lobes
D:2:      layout_basic, serial_shops, nicolae_shop_statue_plus, basic_altar,
          amcnicky_mini_pool_small, minmay_puff
D:3:      layout_loops_ring, gammafunk_ghost_mausoleum, nrook_uturn,
          chequers_serial_rivers_micro_c

Skill      XL: |  1  2  3  4 |
---------------+-------------+-----
Conjurations   | 2 3 |  3.4
Maces & Flails | 1 2 |  2.0
Dodging        | |  1.5
Stealth        | |  3.0
Spellcasting   | |  3.0
Summonings     | |  1.0
Translocations | |  1.1

Action                   |  1- 3 |  4- 6 || total
-------------------------+-------+-------++-------
Melee: Trident           |     8 |       ||     8
       Whip              |    50 |    39 ||    89
       Punch             |     1 |       ||     1
 Cast: Magic Dart        |    22 |     1 ||    23
Invok: Curse Item        |       |     1 ||     1
 Abil: Spit Poison       |     3 |     1 ||     4
 Stab: Sleeping          |     2 |     3 ||     5
Armor: Ring mail         |    23 |    17 ||    40
Dodge: Dodged            |    24 |     9 ||    33
Block: Buckler           |       |     4 ||     4
